 Dungeon Crawl Stone Soup version 0.29-a0-477-g62b78b4225 (webtiles) character file.

Game seed: 18303267969966235481

9151 peuralimu the Spear-Bearer (level 11, 0/148 HPs)
             Began as a Minotaur Berserker on May 16, 2022.
             Was an Elder of Trog.
             Succumbed to a cane toad's poison
             ... on level 1 of the Lair of Beasts on May 25, 2022.
             The game lasted 00:50:23 (10388 turns).

peuralimu the Spear-Bearer (Minotaur Berserker)    Turns: 10388, Time: 00:50:24

Health: 0/148      AC: 13    Str: 26    XL:     11   Next: 19%
Magic:  10/10      EV: 13    Int:  4    God:    Trog [****..]
Gold:   420        SH:  0    Dex: 13    Spells: 10/10 levels left

rFire   . . .      SeeInvis .   I - +10 great sword of Action {vorpal, rC- Dex+3}
rCold   x . .      Faith    .   (shield currently unavailable)
rNeg    . . .      Spirit   .   l - +1 ring mail
rPois   .          Reflect  .   G - +2 hat
rElec   .          Harm     .   p - +2 cloak
rCorr   .          Rampage  .   (no gloves)
Will    .....                   (no boots)
Stlth   ..........              c - amulet of regeneration
HPRegen 1.14/turn               y - ring of flight
MPRegen 0.12/turn               s - +4 ring of slaying

@: berserking, lethally poisoned (0 -> -30), flying, very quick
A: horns 2, retaliatory headbutt
a: Renounce Religion, Berserk, Trog's Hand, Brothers in Arms


You were on level 1 of the Lair of Beasts.
You worshipped Trog.
Trog was greatly pleased with you.
You visited 2 branches of the dungeon, and saw 10 of its levels.

You collected 420 gold pieces.

Inventory:

Hand Weapons
 m - a +4 trident
 I - the +10 great sword of Action (weapon) {vorpal, rC- Dex+3}
   (You found it on level 9 of the Dungeon)

   It inflicts extra damage upon your enemies.
   Dex:       It affects your dexterity (+3).
   rC:        It makes you vulnerable to cold.
Armour
 l - a +1 ring mail (worn)
 p - a +2 cloak (worn)
 G - a +2 hat (worn)
Jewellery
 b - the amulet of the Hart {Reflect rPois Str-2 Int+2 SH+5 SInv}
   (You found it on level 6 of the Dungeon)

   [amulet of reflection]

   It reflects blocked missile attacks.
   Str:       It affects your strength (-2).
   Int:       It affects your intelligence (+2).
   rPois:     It protects you from poison.
   SInv:      It lets you see invisible.
   SH:        It affects your SH (+5).
 c - an amulet of regeneration (around neck)
 h - a ring of poison resistance
 o - a ring of fire
 q - a ring of protection from cold
 s - a +4 ring of slaying (right hand)
 y - a ring of flight (left hand)
 B - a ring of willpower
Wands
 E - a wand of flame (27)
Scrolls
 a - a scroll of fog
 e - 3 scrolls of magic mapping
 g - 2 scrolls of fear
 v - 6 scrolls of teleportation
 x - a scroll of blinking
 C - 2 scrolls of enchant armour
 F - a scroll of brand weapon {unknown}
 H - 4 scrolls of identify
Potions
 d - 4 potions of haste
 f - a potion of flight
 i - 2 potions of lignification
 j - a potion of invisibility
 k - 2 potions of mutation
 n - 5 potions of curing
 r - 2 potions of attraction
 t - 3 potions of might {unknown}
 u - 2 potions of brilliance {unknown}
 w - 3 potions of magic {unknown}
 z - a potion of cancellation {unknown}
 A - a potion of heal wounds {unknown}
Miscellaneous
 D - a piece from Xom's chessboard (15/15)


   Skills:
 - Level 10.1 Fighting
 - Level 3.9(4.5) Short Blades
 * Level 3.8(4.7) Long Blades
 - Level 5.1(10.1) Axes
 - Level 13.4(13.8) Polearms
 + Level 9.5 Armour
 - Level 5.6 Dodging
 - Level 0.4 Stealth


You had 10 spell levels left.
You didn't know any spells.
Your spell library contained the following spells:

 Spells                   Type           Power      Damage    Failure   Level
 Sublimation of Blood     Necr           0%         N/A       77%         2
 Wereblood                Tmut           0%         N/A       77%         2
 Summon Hydra             Summ           0%         N/A       100%        7


Dungeon Overview and Level Annotations

Branches:
Dungeon (9/15)             Temple (0/1) D:7            Lair (1/6) D:8
    Orc: D:9-12

Altars:
Cheibriados
Fedhas
Gozag
Kikubaaqudgha
Nemelex Xobeh
Okawaru
Qazlal
Wu Jian
Xom
Zin
The Shining One

Annotations:
D:8 1 runed translucent door


Innate Abilities, Weirdness & Mutations

You have a pair of horns on your head.
You reflexively headbutt those who attack you in melee.


Message History

The plant is moderately damaged.
You feel very sick. The cane toad closely misses you.
The cane toad barely misses you. The cane toad attacks as you move away!
The cane toad barely misses you.
You feel sick.
A nearby plant withers and dies.
The cane toad stings you but does no damage.
The cane toad stings you!
You feel sick.
You slash the cane toad! You headbutt the cane toad!
The cane toad is severely wounded.
You feel sick. The cane toad barely misses you. The cane toad stings you!
You are more poisoned.
The cane toad poisons you! The cane toad stings you!
You are more poisoned.
The cane toad poisons you! The cane toad stings you!
A red film seems to cover your vision as you go berserk!
You feel yourself moving faster!
You feel mighty!
You feel extremely sick.
The cane toad stings you but does no damage.
The cane toad stings you.
* * * LOW HITPOINT WARNING * * *
You are more poisoned.
The cane toad poisons you!
You are too injured to fight recklessly!
You slice the cane toad!!
You kill the cane toad!
Trog accepts your kill.
You feel extremely sick. The cane toad closely misses you.
You hit the cane toad. Your headbutt misses the cane toad.
The cane toad is lightly wounded.
You feel extremely sick. The cane toad stings you!!
* * * LOW HITPOINT WARNING * * *
You are more poisoned.
The cane toad poisons you!
The cane toad stings you but does no damage.
You slash the cane toad!
The cane toad is heavily wounded.
You die...

####### #####≈≈≈≈≈#
### #..@.≈≈≈≈≈#
##.###...F≈≈≈≈≈#
##........P≈≈≈≈≈#
#.........P≈≈≈≈≈≈..#
#..........≈≈≈≈≈≈P.#
#P.........P≈≈≈≈≈..#
#P.....#....≈≈≈≈≈.≈#
##.....#....≈≈≈≈≈.≈#
##....#.#####≈≈≈≈.#


You could see a cane toad.

Vanquished Creatures
  A two-headed ogre (D:5)
  3 death yaks (D:8)
  Maurice (D:9)
  A black mamba (Lair:1)
  2 cane toads (Lair:1)
  A kobold demonologist (D:9)
  Sigmund (D:2)
  4 yaks (D:9)
  A wraith (D:7)
  Eustachio (D:4)
  A vampire mosquito (D:8)
  A steam dragon (D:7)
  3 water moccasins
  An orc warrior (D:6)
  Pargi (D:3)
  3 ice beasts (D:6)
  A black bear (D:6)
  An ogre (D:6)
  4 centaurs
  A phantom (D:4)
  7 scorpions
  5 bullfrogs
  2 wyvern zombies (D:8)
  7 necrophages
  8 wights
  3 killer bees (D:8)
  3 howler monkeys
  A centaur zombie (D:8)
  A human zombie (D:8)
  A hound (D:4)
  3 jellies
  Crazy Yiuf (D:2)
  4 orc priests
  Ijyb (D:5)
  Jessica (D:2)
  2 iguanas
  2 hell rats (D:8)
  3 orc wizards
  3 mummies (D:8)
  7 gnolls
  9 adders
  A shadow imp (D:8)
  2 white imps
  2 ufetubi
  2 worms
  3 dart slugs
  32 orcs
  8 endoplasms
  7 giant cockroaches
  5 hobgoblins
  8 kobolds
  2 quokkas
  6 ball pythons
  6 bats
  2 frilled lizards (D:1)
  8 goblins
  8 rats
  A butterfly (D:8)
210 creatures vanquished.

Vanquished Creatures (others)
  A killer bee simulacrum (D:9)
  An orc (D:3)
  A plant (Lair:1)
3 creatures vanquished.

Grand Total: 213 creatures vanquished

Notes
Turn   | Place    | Note
-------+----------+-------------------------------------------
     0 | D:1      | peuralimu the Minotaur Berserker began the quest for the
                  | Orb.
     0 | D:1      | Reached XP level 1. HP: 19/19 MP: 0/0
   386 | D:1      | Reached XP level 2. HP: 21/27 MP: 1/1
   940 | D:2      | Noticed Jessica
   952 | D:2      | Killed Jessica
   953 | D:2      | Reached skill level 1 in Short Blades
   953 | D:2      | Reached XP level 3. HP: 19/33 MP: 2/2
  1198 | D:2      | Noticed Sigmund
  1205 | D:2      | Killed Sigmund
  1206 | D:2      | Reached skill level 5 in Fighting
  1206 | D:2      | Reached XP level 4. HP: 42/42 MP: 3/3
  1206 | D:2      | Reached XP level 5. HP: 48/48 MP: 4/4
  1389 | D:2      | Found a runed translucent door.
  1390 | D:2      | Noticed Crazy Yiuf
  1398 | D:2      | Killed Crazy Yiuf
  1399 | D:2      | Reached skill level 5 in Axes
  1646 | D:2      | Reached XP level 6. HP: 56/56 MP: 5/5
  1647 | D:2      | Reached ** piety under Trog
  1749 | D:2      | Found a faded altar of an unknown god.
  2375 | D:3      | Found a shimmering altar of Xom.
  2467 | D:3      | Noticed Pargi
  2482 | D:3      | Killed Pargi
  2913 | D:3      | Reached XP level 7. HP: 42/63 MP: 6/6
  3276 | D:4      | Found an ornate altar of the Wu Jian Council.
  3294 | D:4      | Noticed Eustachio
  3310 | D:4      | Killed Eustachio
  3311 | D:4      | Reached skill level 1 in Polearms
  3311 | D:4      | Reached skill level 5 in Armour
  3400 | D:4      | Reached skill level 2 in Polearms
  3414 | D:4      | Reached *** piety under Trog
  3415 | D:4      | Reached skill level 3 in Polearms
  4399 | D:5      | Entered Level 5 of the Dungeon
  4404 | D:5      | Noticed Ijyb
  4413 | D:5      | Reached XP level 8. HP: 67/71 MP: 7/7
  4417 | D:5      | Killed Ijyb
  4423 | D:5      | Reached skill level 4 in Polearms
  4817 | D:5      | Reached skill level 5 in Polearms
  4969 | D:5      | Noticed a two-headed ogre
  4978 | D:5      | Killed a two-headed ogre
  4979 | D:5      | Reached skill level 7 in Polearms
  5228 | D:5      | Reached XP level 9. HP: 71/79 MP: 8/8
  5477 | D:5      | Reached skill level 8 in Polearms
  5690 | D:6      | Identified the amulet of the Hart {Reflect rPois Str-2
                  | Int+2 SH+5 SInv}
  5799 | D:6      | You fall into a shaft and drop 1 floor!
  6125 | D:6      | Found a blossoming altar of Fedhas.
  6125 | D:6      | Found a glowing silver altar of Zin.
  6237 | D:6      | Reached **** piety under Trog
  6285 | D:6      | Reached skill level 9 in Polearms
  6435 | D:6      | Found a glowing golden altar of the Shining One.
  6842 | D:6      | Reached skill level 10 in Polearms
  7214 | D:7      | Reached skill level 5 in Dodging
  7494 | D:7      | Found a staircase to the Ecumenical Temple.
  7690 | D:7      | Found a stormy altar of Qazlal.
  8385 | D:8      | Noticed a death yak
  8388 | D:8      | Found a staircase to the Lair.
  8388 | D:8      | Noticed a death yak
  8388 | D:8      | Noticed a death yak
  8397 | D:8      | Killed a death yak
  8398 | D:8      | Reached skill level 11 in Polearms
  8398 | D:8      | Reached XP level 10. HP: 65/90 MP: 9/9
  8410 | D:8      | Killed a death yak
  8417 | D:8      | Killed a death yak
  8505 | D:8      | Upgraded the game from 0.29-a0-416-g83a48905f1 to
                  | 0.29-a0-477-g62b78b4225
  8637 | D:8      | Found a runed translucent door.
  8651 | D:8      | Found a runed translucent door.
  8662 | D:8      | Reached skill level 12 in Polearms
  8986 | D:8      | Found an iron altar of Okawaru.
  9029 | D:8      | Found a snail-covered altar of Cheibriados.
  9200 | D:8      | Found an ancient bone altar of Kikubaaqudgha.
  9305 | D:9      | Noticed Maurice
  9313 | D:9      | Killed Maurice
  9314 | D:9      | Reached skill level 13 in Polearms
  9491 | D:9      | Found an opulent altar of Gozag.
  9587 | D:9      | Reached skill level 10 in Fighting
  9600 | D:9      | Reached XP level 11. HP: 98/99 MP: 10/10
  9871 | D:9      | Identified the +10 great sword of Action {vorpal, rC-
                  | Dex+3}
  9881 | D:9      | Found a sparkling altar of Nemelex Xobeh.
  9942 | D:9      | Noticed a five-headed hydra
  9943 | D:9      | Noticed a purple ugly thing
  9944 | D:9      | Noticed a two-headed ogre
  9944 | D:9      | Noticed a tengu warrior
 10030 | Lair:1   | Entered Level 1 of the Lair of Beasts
 10076 | Lair:1   | Reached skill level 1 in Long Blades
 10388 | Lair:1   | Succumbed to a cane toad's poison

Illustrated notes

Levels and vault maps discovered:
D:1:      scummos_arrival_simple_crosswalls, layout_loops_cross, chequers_garden
D:2:      kennysheep_big_flooded_room, layout_loops_ring,
          shapermc_ecumenical_altar_totnotflames, uniq_crazy_yiuf_cottage,
          uniq_jessica, uniq_sigmund
D:3:      layout_loops_ring, xom_confusion_cloud, uniq_pargi
D:4:      layout_rooms, nicolae_wu_jian_wuxing_cycle, uniq_eustachio
D:5:      layout_gridville, uniq_ijyb
D:6:      layout_loops_corners, kennysheep_little_box,
          nicolae_overflow_hidden_temple, grunt_ministairs_8,
          dk_rats_in_the_wall
D:7:      layout_loops_cross, nicolae_qazlal_style_of_elements,
          minmay_temple_entry_statues
D:8:      lemuel_insect_pit, layout_loops_cross, kennysheep_okawaru_gauntlet,
          lemuel_mausoleum_altar_kikubaaqudgha, kennysheep_mini_moat,
          dpeg_lair_monsters, st_stairs_9
D:9:      layout_roguey, nicolae_gozag_seed_capital,
          nemelex_diamond_rough_becter, trog_butcher_becter, minivault_28,
          uniq_grum, uniq_maurice
Lair:1:   cheibrodos_lair_river_kwai, layout_cave_pods, uniq_joseph, uniq_maggie

Skill      XL: |  1  2  3  4  5  6  7  8  9 10 11 |
---------------+----------------------------------+-----
Fighting       | 4 5 6 7 8 10 | 10.1
Axes           | 4 5 |  5.1
Short Blades   | 1 2 3 |  3.9
Dodging        | 3 4 5 |  5.6
Armour         | 3 5 6 8 9 |  9.5
Polearms       | 3 7 11 13 | 13.4
Long Blades    | 3 |  3.8
Stealth        | |  0.4

Action                   |  1- 3 |  4- 6 |  7- 9 | 10-12 || total
-------------------------+-------+-------+-------+-------++-------
Melee: Short sword       |    38 |   101 |     7 |       ||   146
       Hand axe          |     2 |       |       |       ||     2
       Headbutt          |     3 |    15 |    30 |    27 ||    75
       Punch             |       |     2 |     3 |     3 ||     8
       Trident           |       |       |   212 |   170 ||   382
       Great sword       |       |       |       |    20 ||    20
Invok: Berserk           |     2 |     1 |     2 |     4 ||     9
       Trog's Hand       |       |     1 |       |       ||     1
  Use: Scroll            |     1 |       |    18 |     1 ||    20
 Stab: Sleeping          |     1 |       |       |       ||     1
Armor: Robe              |     4 |       |       |       ||     4
       Leather armour    |       |    12 |       |       ||    12
       Ring mail         |       |    24 |    47 |    48 ||   119
Dodge: Dodged            |    20 |    60 |    78 |    61 ||   219

Table legend: (Time is in decaauts)
 A = Elapsed time spent in this place.
 B = Non-inter-level travel time spent in this place.
 C = Inter-level travel time spent in this place.
 D = Time resting spent in this place.
 E = Time spent auto-exploring this place.
 F = Levels seen in this place.
 G = Mean time per level.
                   A        B        C        D        E       F      G
               +--------+--------+--------+--------+--------+-----+--------+
         Total |  10389 |  10203 |    186 |   2994 |   5228 |  10 | 1038.9 |
       Dungeon |  10022 |   9836 |    186 |   2896 |   5011 |   9 | 1113.6 |
          Lair |    366 |    366 |      0 |     98 |    217 |   1 |  366.0 |
               +--------+--------+--------+--------+--------+-----+--------+

Top non-repeatable levels by time:
     D:4: 1489 daAuts
     D:6: 1434 daAuts
     D:2: 1246 daAuts
     D:7: 1169 daAuts
     D:3: 1091 daAuts
     D:8: 1045 daAuts
     D:5: 961 daAuts
     D:1: 908 daAuts
     D:9: 676 daAuts
  Lair:1: 366 daAuts
